 Dungeon Crawl Stone Soup version 0.27-a0-1196-g3e9cee4cb2 (webtiles) character file.

Game seed: 17215037754065788442

1230 leviel the Carver (level 8, -4/64 HPs)
             Began as a Hill Orc Fighter on May 28, 2021.
             Killed from afar by an orc wizard (6 damage)
             ... with a magic dart
             ... on level 5 of the Dungeon.
             The game lasted 00:06:28 (6830 turns).

leviel the Carver (Hill Orc Fighter)                Turns: 6830, Time: 00:06:28

Health: -4/64      AC:  8    Str: 27    XL:     8   Next: 48%
Magic:  8/8        EV:  7    Int:  8    God:
Gold:   334        SH:  0    Dex: 10    Spells: 7/7 levels left

rFire    . . .     SeeInvis .   a - +1 long sword
rCold    . . .     Faith    .   c - +0 kite shield
rNeg     . . .     Spirit   .   b - +0 scale mail
rPois    .         Reflect  .   (no helmet)
rElec    .         Harm     .   d - +0 cloak
rCorr    .         Rampage  .   (no gloves)
Will     .....                  (no boots)
Stlth    ..........             (no amulet)
HPRegen  0.20/turn              l - +6 ring of strength
MPRegen  0.11/turn              (no ring)

@: confused
A: no striking features
a: no special abilities


You were on level 5 of the Dungeon.
You visited 1 branch of the dungeon, and saw 5 of its levels.

You collected 334 gold pieces.

Inventory:

Hand Weapons
 a - a +1 long sword (weapon)
Armour
 b - a +0 scale mail (worn)
 c - a +0 kite shield (worn)
 d - a +0 cloak (worn)
Jewellery
 l - a +6 ring of strength (left hand)
Wands
 k - a wand of charming (11) (quivered)
Scrolls
 g - a scroll of teleportation
Potions
 e - a potion of flight
 o - a potion of might
 p - a potion of cancellation
 q - a potion of berserk rage
 r - a potion of heal wounds


   Skills:
 - Level 3.6 Fighting
 + Level 10.9 Long Blades
 - Level 3.2 Armour
 - Level 3.2 Shields


You had 7 spell levels left.
You didn't know any spells.
Your spell library was empty.

Dungeon Overview and Level Annotations

Branches:
Dungeon (5/15)
 Temple: D:4-7

Altars:
Elyvilon
Nemelex Xobeh
Zin


Message History

You hear some strange, mumbled words.
A magic dart appears from out of thin air!
The magic dart hits you. Something hits you.
The orc hits you with a +0 war axe!
You closely miss the orc wizard.
The orc wizard hits you but does no damage.
You hear some strange, mumbled words.
A magic dart appears from out of thin air!
The magic dart hits you!
You hear some strange, mumbled words.
A puff of flame appears from out of thin air!
The puff of flame hits you. The orc hits you but does no damage.
You hit the orc but do no damage.
The orc is moderately wounded.
The orc wizard hits you with a +0 dagger.
Something hits you but does no damage. x2; The orc hits you with a +0 war axe.
* * * LOW HITPOINT WARNING * * *
You barely miss the orc.
The orc is moderately wounded.
The orc wizard gestures at itself while chanting.
The orc wizard flickers and vanishes!
Something hits you but does no damage.
You hear some strange, mumbled words.
A magic dart appears from out of thin air!
The magic dart hits you.
* * * LOW HITPOINT WARNING * * *
The orc barely misses you.
You bump into the rock wall.
Something hits you but does no damage. x3
The orc hits you with a +0 war axe.
* * * LOW HITPOINT WARNING * * *
You hit something but do no damage. Something hits you but does no damage.
Something hits you.
* * * LOW HITPOINT WARNING * * *
Something hits you but does no damage. The orc barely misses you.
You hear some strange, mumbled words.
Something tries to affect you, but you resist.
You miss something. Something hits you but does no damage.
You hear some strange, mumbled words.
A magic dart appears from out of thin air!
The magic dart hits you.
You die...

..............#..................
..............#.............#####
.##......##'###..................
###......#...........###..#...#..
..#......#...........#....#......
..#......#...........#....#.#.#..
..'......#......o....'....#......
.##'######.....{{o...##...#..#...
.#...g.......###@#.....#........#
##...g.......#..{#.....#.........
.......g.!...#...#.....#.........
........Y....#...#.....#........<
..........c..#...#.....#.........
.............#####.....#'####.<.#
..#########'###..##....)....#####
###)..........#...#.........#
#............#..>#.........#


You could see 2 orcs.

Vanquished Creatures
  Sigmund (D:3)
  An ice beast (D:5)
  A necrophage (D:5)
  2 sky beasts (D:5)
  A centaur (D:5)
  A phantom (D:5)
  2 water moccasin skeletons
  2 hounds
  2 orc priests (D:3)
  2 centaur skeletons
  An iguana (D:4)
  2 orc wizards
  Terence (D:2)
  A hound skeleton (D:5)
  8 adders
  4 worms
  2 dart slugs
  18 orcs
  11 bats
  5 endoplasms
  2 giant cockroaches
  6 hobgoblins
  2 quokkas (D:4)
  7 ball pythons
  2 frilled lizards (D:1)
  10 goblins
  6 kobolds
  5 rats
108 creatures vanquished.

Notes
Turn   | Place    | Note
-------+----------+-------------------------------------------
     0 | D:1      | leviel the Hill Orc Fighter began the quest for the Orb.
     0 | D:1      | Reached XP level 1. HP: 19/19 MP: 1/1
   260 | D:1      | Reached skill level 3 in Long Blades
   260 | D:1      | Reached XP level 2. HP: 24/26 MP: 2/2
   397 | D:1      | Found a faded altar of an unknown god.
  1140 | D:1      | Reached XP level 3. HP: 31/31 MP: 3/3
  1250 | D:2      | Reached skill level 4 in Long Blades
  1307 | D:2      | Noticed Terence
  1316 | D:2      | Killed Terence
  1317 | D:2      | Reached XP level 4. HP: 22/39 MP: 4/4
  1778 | D:2      | Reached skill level 5 in Long Blades
  2819 | D:3      | Noticed Sigmund
  2825 | D:3      | Killed Sigmund
  2826 | D:3      | Reached skill level 6 in Long Blades
  2826 | D:3      | Reached XP level 5. HP: 39/45 MP: 5/5
  2826 | D:3      | Reached XP level 6. HP: 44/51 MP: 6/6
  2905 | D:3      | Reached skill level 7 in Long Blades
  3454 | D:3      | Found a glowing silver altar of Zin.
  3806 | D:3      | You fall into a shaft and drop 2 floors!
  3806 | D:5      | Entered Level 5 of the Dungeon
  4137 | D:4      | Reached skill level 8 in Long Blades
  4137 | D:4      | Reached XP level 7. HP: 57/57 MP: 7/7
  4657 | D:4      | Found a sparkling altar of Nemelex Xobeh.
  4717 | D:4      | Found a white marble altar of Elyvilon.
  5357 | D:5      | Reached skill level 9 in Long Blades
  5718 | D:5      | Reached XP level 8. HP: 64/64 MP: 8/8
  5725 | D:5      | Reached skill level 10 in Long Blades
  6499 | D:5      | HP: 3/64 [centaur/+0 quarterstaff (2)]
  6829 | D:5      | HP: 2/64 [something (3)]
  6830 | D:5      | Killed from afar by an orc wizard

Illustrated notes

Levels and vault maps discovered:
D:1:      dpeg_arrival_pits, layout_loops_ring,
          shapermc_ecumenical_altar_totnotflames
D:2:      layout_loops_corners, hex_medium, minmay_small_reverse_x, uniq_terence
D:3:      layout_basic, lemuel_crystal_altar, uniq_sigmund
D:4:      layout_cave_pools, kennysheep_mini, nemelex_spade_bored_becter
D:5:      layout_gridville, lemuel_coloured_pillars_altar,
          hangedman_decor_lopped

Skill      XL: |  1  2  3  4  5  6  7  8 |
---------------+-------------------------+-----
Long Blades    | 3 4 6 8 9 10 | 10.9
Fighting       | |  3.6
Armour         | |  3.2
Shields        | |  3.2

Action                   |  1- 3 |  4- 6 |  7- 9 || total
-------------------------+-------+-------+-------++-------
Melee: Long sword        |    95 |   156 |   155 ||   406
  Use: Potion            |       |     4 |       ||     4
       Scroll            |       |       |    13 ||    13
Armor: Scale mail        |    41 |    92 |   124 ||   257
       Skin              |       |     3 |       ||     3
Dodge: Dodged            |    33 |    63 |    57 ||   153
Block: Kite shield       |    69 |   101 |    81 ||   251
       Rpst.: Long sword |     4 |    16 |    17 ||    37

Table legend: (Time is in decaauts)
 A = Elapsed time spent in this place.
 B = Non-inter-level travel time spent in this place.
 C = Inter-level travel time spent in this place.
 D = Time resting spent in this place.
 E = Time spent auto-exploring this place.
 F = Levels seen in this place.
 G = Mean time per level.
                   A        B        C        D        E       F      G
               +--------+--------+--------+--------+--------+-----+--------+
         Total |   6953 |   6804 |    149 |   1610 |   4307 |   5 | 1390.6 |
       Dungeon |   6953 |   6804 |    149 |   1610 |   4307 |   5 | 1390.6 |
               +--------+--------+--------+--------+--------+-----+--------+

Top non-repeatable levels by time:
     D:2: 1649 daAuts
     D:3: 1525 daAuts
     D:5: 1515 daAuts
     D:1: 1240 daAuts
     D:4: 1022 daAuts
